 Dungeon Sprint DCSS version 0.30.0-29-ga12c61a403 (webtiles) character file.

Game seed: 7551415510359732096

4000000 boopmooplesden the Axe Maniac (level 21, -22/224 HPs)
             Began as a Minotaur Berserker on June 20, 2023.
             Was the Champion of Makhleb.
             Annihilated by a meat berserker
             ... wielding a +9 battleaxe
              (83 damage)
             ... in the Dungeon (Sprint VIII: "Arena of Blood").
             The game lasted 00:02:27 (40 turns).

boopmooplesden the Axe Maniac (Minotaur Berserker)    Turns: 40, Time: 00:02:28

Health: -22/224    AC:  4    Str: 30    XL:     21   Next: 5%
Magic:  18/33      EV: 25    Int:  4    God:    Makhleb [******]
Gold:   0          SH:  0    Dex: 13    Spells: 20/20 levels left

rFire   . . .        i - +∞ Axe of Woe
rCold   . . .        (shield currently unavailable)
rNeg    . . .        b - +0 animal skin
rPois   .            (helmet restricted)
rElec   .            (no cloak)
rCorr   .            (no gloves)
SInv    .            (no boots)
Will    +....        (no amulet)
Stlth   +++++++++    (no ring)
HPRegen 0.57/turn    (no ring)
MPRegen 0.23/turn

%: no teleportation
@: no status effects
A: horns 2, retaliatory headbutt
a: Renounce Religion, Minor Destruction, Lesser Servant of Makhleb, Major
Destruction, Greater Servant of Makhleb


You were in the Dungeon.
You worshipped Makhleb.
Makhleb was exalted by your worship.
You visited 1 branch

Inventory:

Hand Weapons
 a - a +0 hand axe
 i - the +∞ Axe of Woe (weapon)
   (You found it in the Dungeon)
Armour
 b - a +0 animal skin (worn)
Jewellery
 j - a +30 ring of slaying
Scrolls
 h - a scroll of blinking
Potions
 c - a potion of curing
 d - a potion of heal wounds
 e - a potion of haste
 f - 2 potions of magic
 g - a potion of berserk rage


   Skills:
 O Level 27 Fighting
 + Level 21.7(25.1) Short Blades
 + Level 23.2(26.9) Long Blades
 O Level 27 Axes
 + Level 23.3(27) Maces & Flails
 + Level 23.2(27) Polearms
 + Level 22.2(27) Staves
 + Level 20.6 Ranged Weapons
 + Level 19.1 Throwing
 O Level 27 Armour
 O Level 27 Dodging
 O Level 27 Stealth
 + Level 22.2 Shields
 + Level 20.6 Unarmed Combat
 + Level 19.1 Invocations
 + Level 17.6 Evocations


You had 20 spell levels left.
You didn't know any spells.
Your spell library was empty.

Dungeon Overview and Level Annotations

Branches:
Dungeon (1/1)

Altars:
Makhleb


Innate Abilities, Weirdness & Mutations

You have a pair of horns on your head.
You reflexively headbutt those who attack you in melee.


Message History

The meat berserker is engulfed in blazing flames.
You hear a shout!
The destroyer gestures at you while chanting.
The destroyer blinks!
You hear a shout! x3
You have mastered Stealth!
You dice the meat berserker like an onion!!!
You pulverise the meat berserker into a thin bloody mist.
You kill the meat berserker!
Makhleb accepts your kill.
You feel better.
You are engulfed in blazing flames.
You hear a shout! x2
A bag of meat comes into view. It is wielding a +9 war axe. x2
You hear a shout! x3
A sculptor of flesh comes into view. It is wielding a +9 great sword.
You hear a shout!
The bag of meat shouts!
Your base Short Blades skill increases to level 21!
Your base Long Blades skill increases to level 23!
Your base Maces & Flails skill increases to level 23!
Your base Polearms skill increases to level 23!
Your base Staves skill increases to level 22!
Your Ranged Weapons skill increases to level 20!
Your Throwing skill gained 2 levels and is now at level 19!
Your Shields skill increases to level 22!
Your Unarmed Combat skill increases to level 20!
Your Invocations skill gained 2 levels and is now at level 19!
Your Evocations skill increases to level 17!
You have reached level 21!
Your experience leads to an increase in your attributes!
Increase (S)trength, (I)ntelligence, or (D)exterity?
You feel stronger. x2 2 bags of meat come into view.
The meat berserker is engulfed in blazing flames.
You hear a shout! x5
A destroyer comes into view. It is wielding a +9 heavy great sword.
The meat berserker hits you with a +9 battleaxe!!!
* * * LOW HITPOINT WARNING * * *
The meat berserker is engulfed in blazing flames. x2
The meat berserker hits you with a +9 battleaxe!!!!
You die...

.#.....))○_......
......)○)###......
....###.○°....###.
....z.#)).....# ..
......#)§)....#o.o
........O°°...ooo.
#.....O§§°§.......
...o..V)o§OO.....#
#.z...§§§O@....##
...o.#........#V..
..........o...#
....##.#........
..................
####....#.....####
............
............


You could see 2 destroyers, a sculptor of flesh, 2 large bags of meat, 3 meat
berserkers and 9 bags of meat.

Vanquished Creatures
  A vampire knight (D)
  10 ogres (D)
  4 two-headed ogres (D)
  31 orcs (D)
46 creatures vanquished.

Notes
Turn   | Place    | Note
-------+----------+-------------------------------------------
     0 | D        | Found the +∞ Axe of Woe
     0 | D        | boopmooplesden the Minotaur Berserker began the quest for
                  | the Orb.
     0 | D        | Reached XP level 1. HP: 19/19 MP: 0/0
     2 | D        | Noticed a bag of meat
     2 | D        | Noticed a bag of meat
     4 | D        | Noticed a meat berserker
     4 | D        | Fell from the grace of Trog
     4 | D        | Became a worshipper of Makhleb the Destroyer
     4 | D        | Noticed a bag of meat
     5 | D        | Noticed a bag of meat
     5 | D        | Noticed a bag of meat
     6 | D        | Killed a meat berserker
     6 | D        | Noticed a meat berserker
     6 | D        | Noticed a bag of meat
     6 | D        | Noticed a meat berserker
     7 | D        | Reached skill level 10 in Dodging
     7 | D        | Reached XP level 2. HP: 60/60 MP: 1/1
     7 | D        | Reached XP level 3. HP: 67/67 MP: 2/2
     7 | D        | Reached XP level 4. HP: 75/75 MP: 3/3
     7 | D        | Reached XP level 5. HP: 82/82 MP: 4/4
     7 | D        | Reached XP level 6. HP: 91/91 MP: 5/5
     7 | D        | Reached XP level 7. HP: 97/97 MP: 6/6
     7 | D        | Reached XP level 8. HP: 106/106 MP: 7/7
     7 | D        | Reached XP level 9. HP: 114/114 MP: 8/8
     7 | D        | Reached XP level 10. HP: 122/122 MP: 9/9
     7 | D        | Reached XP level 11. HP: 129/129 MP: 10/10
     7 | D        | Noticed a meat berserker
     7 | D        | Noticed a bag of meat
     7 | D        | Noticed a bag of meat
     7 | D        | Noticed a bag of meat
     8 | D        | Killed a bag of meat
     8 | D        | Reached * piety under Makhleb
     8 | D        | Noticed a bag of meat
     8 | D        | Noticed a bag of meat
     9 | D        | Reached XP level 12. HP: 143/143 MP: 11/11
     9 | D        | Killed a bag of meat
    10 | D        | Reached XP level 13. HP: 154/154 MP: 12/12
    10 | D        | Killed a meat berserker
    10 | D        | Noticed a bag of meat
    11 | D        | Reached skill level 27 in Fighting
    11 | D        | Reached skill level 27 in Axes
    11 | D        | Reached skill level 15 in Dodging
    11 | D        | Killed a bag of meat
    11 | D        | Reached ** piety under Makhleb
    11 | D        | Killed a bag of meat
    11 | D        | Killed a bag of meat
    12 | D        | Reached XP level 14. HP: 137/168 MP: 13/13
    12 | D        | Killed a meat berserker
    12 | D        | Reached *** piety under Makhleb
    12 | D        | Killed a bag of meat
    12 | D        | Killed a meat berserker
    12 | D        | Noticed a bag of meat
    13 | D        | Reached skill level 27 in Armour
    13 | D        | Reached skill level 27 in Dodging
    13 | D        | Reached XP level 15. HP: 174/174 MP: 14/14
    16 | D        | Reached **** piety under Makhleb
    17 | D        | Reached skill level 5 in Ranged Weapons
    17 | D        | Reached skill level 5 in Throwing
    17 | D        | Reached skill level 5 in Unarmed Combat
    17 | D        | Reached skill level 5 in Invocations
    17 | D        | Reached XP level 16. HP: 183/183 MP: 14/19
    17 | D        | Reached ***** piety under Makhleb
    17 | D        | Noticed a meat berserker
    18 | D        | Noticed a large bag of meat
    20 | D        | Noticed a large bag of meat
    20 | D        | Killed a large bag of meat
    21 | D        | Reached skill level 10 in Throwing
    21 | D        | Reached skill level 10 in Invocations
    21 | D        | Reached XP level 17. HP: 151/191 MP: 14/23
    21 | D        | Reached ****** piety under Makhleb
    22 | D        | Reached skill level 10 in Stealth
    22 | D        | Reached skill level 10 in Evocations
    22 | D        | Noticed a meat berserker
    23 | D        | Reached skill level 15 in Long Blades
    23 | D        | Reached skill level 15 in Maces & Flails
    23 | D        | Reached skill level 15 in Polearms
    23 | D        | Reached XP level 18. HP: 187/200 MP: 14/26
    24 | D        | Reached skill level 15 in Short Blades
    24 | D        | Reached skill level 15 in Staves
    24 | D        | Reached skill level 15 in Shields
    24 | D        | Killed a meat berserker
    25 | D        | Reached skill level 15 in Ranged Weapons
    25 | D        | Reached skill level 15 in Unarmed Combat
    26 | D        | Reached skill level 15 in Throwing
    26 | D        | Reached skill level 15 in Invocations
    26 | D        | Noticed a meat berserker
    27 | D        | Killed a large bag of meat
    28 | D        | Reached XP level 19. HP: 183/207 MP: 15/30
    28 | D        | Noticed a large bag of meat
    29 | D        | Noticed a meat berserker
    29 | D        | Noticed a large bag of meat
    30 | D        | Reached skill level 15 in Stealth
    30 | D        | Reached skill level 15 in Evocations
    30 | D        | Killed a meat berserker
    30 | D        | Noticed a large bag of meat
    30 | D        | Noticed a large bag of meat
    31 | D        | Noticed a meat berserker
    32 | D        | Noticed a meat berserker
    33 | D        | HP: 5/207 [large bag of meat/+9 giant spiked club (62)]
    33 | D        | Noticed a destroyer
    34 | D        | Killed a meat berserker
    34 | D        | Noticed a meat berserker
    35 | D        | Killed a large bag of meat
    36 | D        | Reached XP level 20. HP: 49/216 MP: 17/31
    36 | D        | Noticed a meat berserker
    36 | D        | Noticed a meat berserker
    37 | D        | Noticed a destroyer
    37 | D        | Killed a meat berserker
    37 | D        | Killed a large bag of meat
    38 | D        | Killed a meat berserker
    38 | D        | Killed a destroyer
    39 | D        | Reached skill level 27 in Stealth
    39 | D        | Killed a meat berserker
    40 | D        | Reached XP level 21. HP: 102/224 MP: 17/33
    40 | D        | Noticed a destroyer
    40 | D        | Annihilated by a meat berserker

Illustrated notes

Levels and vault maps discovered:
D:        meatsprint

Skill      XL: |  1  2  3  4  5  6  7  8  9 10 11 12 13 14 15 16 17 18 19 20 |
---------------+-------------------------------------------------------------+-----
Fighting       | 21 23 25 27 | 27.0
Axes           | 22 24 25 27 | 27.0
Armour         | 11 12 13 21 27 | 27.0
Dodging        | 10 11 12 20 27 | 27.0
Short Blades   | 6 11 14 18 20 21 | 21.7
Long Blades    | 6 12 15 19 22 23 | 23.2
Maces & Flails | 6 12 15 19 22 23 | 23.3
Polearms       | 6 12 15 19 22 23 | 23.2
Staves         | 6 12 14 18 21 22 | 22.2
Ranged Weapons | 5 11 13 17 19 20 | 20.6
Throwing       | 5 10 12 16 17 19 | 19.1
Stealth        | 4 9 11 14 16 27 | 27.0
Shields        | 6 12 14 18 21 22 | 22.2
Unarmed Combat | 5 11 13 17 19 20 | 20.6
Invocations    | 5 10 12 16 17 19 | 19.1
Evocations     | 4 9 11 14 16 17 | 17.6

Action                     |  1- 3 |  4- 6 |  7- 9 | 10-12 | 13-15 | 16-18 | 19-21 || total
---------------------------+-------+-------+-------+-------+-------+-------+-------++-------
  Melee: Executioner's axe |     1 |       |       |     2 |     5 |     9 |     7 ||    24
  Dodge: Dodged            |       |       |       |       |       |     3 |     1 ||     4
